 Dungeon Crawl Stone Soup version 0.26.1-11-gd32895ea62 (webtiles) character file.

Game seed: 8405049423827044747

52 bnorton916 the Caller (level 3, 0/14 HPs)
             Began as a Felid Summoner on July 5, 2021.
             Succumbed to an adder's poison
             ... in a sewer.
             The game lasted 00:06:02 (3621 turns).

bnorton916 the Caller (Felid Summoner)              Turns: 3621, Time: 00:06:03

Health: 0/14       AC:  1    Str:  4    XL:     3   Next: 60%
Magic:  2/7        EV: 19    Int: 17    God:
Gold:   125        SH:  0    Dex: 16    Spells: 1/7 levels left
                                        Lives:  0   Deaths: 0

rFire    + . .     SeeInvis +   (weapon unavailable)
rCold    . . .     Faith    .   (shield unavailable)
rNeg     + . .     Spirit   .   (armour unavailable)
rPois    .         Reflect  .   (helmet unavailable)
rElec    .         Harm     .   (cloak unavailable)
rCorr    .         Rampage  .   (gloves unavailable)
Will     .....                  (boots unavailable)
Stlth    ++........             (no amulet)
HPRegen  0.04/turn              c - ring of positive energy
MPRegen  0.10/turn              b - ring of protection from fire

@: mighty, lethally poisoned (0 -> -6), very slow
A: very small, no armour, no weapons or thrown items, stealth, claws 1, fangs 3,
see invisible, speed 1, shaggy fur 1, sharp paws
a: no special abilities


You were in a sewer.
You visited 1 branch of the dungeon, and saw 3 of its levels.
You also visited: Sewer.

You collected 125 gold pieces.

Inventory:

Jewellery
 b - a ring of protection from fire (right paw)
 c - a ring of positive energy (left paw)
Scrolls
 a - a scroll of fear


   Skills:
 + Level 3.5 Dodging
 + Level 3.7 Stealth
 + Level 2.5 Spellcasting
 + Level 4.3 Summonings


You had one spell level left.
You knew the following spells:

 Your Spells              Type           Power        Failure   Level
a - Summon Small Mammal   Summ           68%          3%          1
b - Call Imp              Summ           17%          4%          2
c - Call Canine Familiar  Summ           17%          9%          3

Your spell library contained the following spells:

 Spells                   Type           Power        Failure   Level
 Summon Guardian Golem    Hex/Summ       9%           22%         3
 Summon Ice Beast         Ice/Summ       9%           58%         4
 Summon Lightning Spire   Summ/Air       9%           58%         4


Dungeon Overview and Level Annotations

Branches:
Dungeon (3/15)              Sewer (1/1)

Altars:


Innate Abilities, Weirdness & Mutations

You cannot wear armour.
You are incapable of wielding weapons or throwing items.
Your paws allow you to move quietly. (Stealth)
You have sharp claws.
You have razor-sharp teeth.
You have supernaturally acute eyesight. (SInv)
You cover ground quickly.
You are covered in fur. (AC +1)
Your sharp claws are effective at attacking unaware monsters.


Message History

The adder closely misses your rat.
A nearby plant withers and dies.
Your rat splashes around in the water.
The adder closely misses your rat.
It was a potion of might.
You feel very mighty all of a sudden. The adder bites your rat.
Your rat dies!
Your rat's corpse disappears in a puff of smoke!
The adder bites you. The adder closely misses you.
Your unstable footing causes you to fumble your attack.
The adder misses you.
You scratch the adder.
The adder is almost dead.
The adder bites you.
* * * LOW HITPOINT WARNING * * *
You are lethally poisoned!
The adder poisons you! The adder completely misses you.
You closely miss the adder. You bite the adder.
You kill the adder!
You die...

#######
#≈#≈≈≈##
#@#≈≈≈≈##
#†#≈≈≈≈≈## #
#S#≈≈≈≈≈≈#
#.P#≈#.≈.r≈≈#
#P...≈S∩≈..##
###P≈≈≈≈≈≈≈≈#
########...#
≈≈≈≈≈≈≈≈.).#
########(..#


You could see an adder.

Vanquished Creatures
  2 adders
  A dart slug (D:1)
  A giant cockroach (D:1)
  3 goblins
  2 hobgoblins
  7 kobolds
  A bat (D:1)
  A frilled lizard (D:1)
  3 rats
21 creatures vanquished.

Vanquished Creatures (collateral kills)
  An adder (D:3)
  3 worms (D:2)
  2 bats
  2 giant cockroaches (D:3)
  2 goblins (D:2)
  2 hobgoblins (D:1)
  2 jackals (D:2)
  A quokka (D:1)
  A frilled lizard (D:2)
  2 kobolds (Sewer)
  6 rats
24 creatures vanquished.

Vanquished Creatures (others)
  16 plants (Sewer)
16 creatures vanquished.

Grand Total: 61 creatures vanquished

Notes
Turn   | Place    | Note
-------+----------+-------------------------------------------
     0 | D:1      | bnorton916 the Felid Summoner began the quest for the Orb.
     0 | D:1      | Reached XP level 1. HP: 7/7 MP: 4/4
     6 | D:1      | Noticed a swamp drake
     6 | D:1      | Noticed a black mamba
     6 | D:1      | Noticed a black bear
     7 | D:1      | Noticed a wolf
     7 | D:1      | Noticed a swamp worm
  1008 | D:1      | Reached XP level 2. HP: 11/11 MP: 6/6
  1026 | D:1      | Learned a level 2 spell: Call Imp
  2250 | D:2      | Reached XP level 3. HP: 9/14 MP: 3/7
  2365 | D:2      | Learned a level 3 spell: Call Canine Familiar
  3371 | D:3      | Found a glowing drain.
  3428 | Sewer    | Entered a sewer
  3621 | Sewer    | Succumbed to an adder's poison

Illustrated notes

Levels and vault maps discovered:
D:1:      onia_arrival_zoo_common, layout_basic, serial_curves, eino_curves_03,
          eino_curves_02
D:2:      layout_rooms
D:3:      layout_loops_ring, grunt_dithmenos_smoke,
          lemuel_coloured_pillars_altar, portal_sewer_entry_a
Sewer:    sewer_co_scattered_pipes

Skill      XL: |  1 |
---------------+----+-----
Stealth        | 3 |  3.7
Dodging        | 3 |  3.5
Spellcasting   | |  2.5
Summonings     | |  4.3

Action                   || total
-------------------------++-------
Melee: Unarmed           ||    89
       Bite              ||     8
 Cast: Summon Small Mamm ||    56
  Use: Scroll            ||     7
       Potion            ||     2
 Stab: Sleeping          ||     8
       Distracted        ||     1
Armor: Skin              ||     5
Dodge: Dodged            ||   130
